 Dungeon Crawl Stone Soup version 0.31-a0-1001-g770356a28f (webtiles) character file.

Game seed: 6509319503458859231

56 GordonOverkill the Covert (level 3, 0/20 HPs)
             Began as a Spriggan Delver on Nov 8, 2023.
             Slain by a water moccasin (8 damage)
             ... on level 5 of the Dungeon.
             The game lasted 00:02:44 (440 turns).

GordonOverkill the Covert (Spriggan Delver)          Turns: 440, Time: 00:02:44

Health: 0/20       AC:  2    Str:  8    XL:     3   Next: 71%
Magic:  4/4        EV: 17    Int: 13    God:
Gold:   27         SH:  0    Dex: 16    Spells: 2/2 levels left

rFire   . . .        a - +0 short sword
rCold   . . .        (no shield)
rNeg    . . .        b - +0 robe
rPois   .            (helmet restricted)
rElec   .            (no cloak)
rCorr   .            (gloves unavailable)
SInv    +            (boots unavailable)
Will    .....        (no amulet)
Stlth   ++++         (no ring)
HPRegen 0.23/turn    (no ring)
MPRegen 0.09/turn

%: no passive effects
@: very quick
A: very small, no large weapons, unfitting armour, see invisible, speed 3
a: no special abilities


You were on level 5 of the Dungeon.
You visited 1 branch of the dungeon, and saw 2 of its levels.

You collected 27 gold pieces.

Inventory:

Hand Weapons
 a - a +0 short sword (weapon)
Armour
 b - a +0 robe (worn)
Wands
 g - a wand of digging (3)
Scrolls
 c - a scroll of fog
 e - a scroll of fear
Potions
 f - a potion of haste
 h - a potion of curing {unknown}


   Skills:
 - Level 3.0 Fighting
 + Level 3.0 Short Blades
 - Level 3.0 Dodging
 - Level 8.0 Stealth
 + Level 0.2 Spellcasting


You had 2 spell levels left.
You didn't know any spells.
Your spell library was empty.

Dungeon Overview and Level Annotations

Branches:
Dungeon (6/15)
 Temple: D:4-7

Altars:

Annotations:
D:5 1 runed translucent door, Gergoth's ghost, novice OpEE


Innate Abilities, Weirdness & Mutations

You are very small and have problems with some larger weapons.
You are too small for most types of armour.
You have supernaturally acute eyesight. (SInv)
You cover ground extremely quickly. (Speed+++)


Message History

The orc hits you with a +0 whip.
* * * LOW HITPOINT WARNING * * *
You hit the orc.
You kill the orc!
As you read the scroll of revelation, it crumbles to dust.
You feel aware of your surroundings.
You sensed 2 shops/portals.
You see here a +0 scale mail.
A water moccasin comes into view.
The water moccasin hisses angrily.
A water moccasin is nearby!
The adder hisses angrily.
The bullfrog croaks.
Gergoth's ghost turns its malevolent gaze towards you.
You hear the brisk rusting of a very distant drain.
You hit the orc wizard.
The orc wizard is moderately wounded.
The orc wizard barely misses you.
You hit the orc wizard.
The orc wizard is moderately wounded.
The orc wizard closely misses you.
You barely miss the orc wizard.
The orc wizard is moderately wounded.
The orc wizard barely misses you.
You barely miss the orc wizard.
The orc wizard is moderately wounded.
The jelly quivers.
The orc wizard hits you with a +0 dagger.
* * * LOW HITPOINT WARNING * * *
You hit the orc wizard.
The orc wizard is moderately wounded.
The orc wizard completely misses you.
You barely miss the orc wizard.
The orc wizard is moderately wounded.
The orc wizard hits you with a +0 dagger.
* * * LOW HITPOINT WARNING * * *
You hit the orc wizard.
The orc wizard is heavily wounded.
You hit the orc wizard but do no damage.
The orc wizard is heavily wounded.
The orc wizard completely misses you. The water moccasin bites you!
You die...

#.#####.# #..........#.###...#..
#.# #.#########..####..##...#..
#.# #>...######..# #........$.
#.# #.##........##**###########
#.#####.########..#~#,,,,,,,,,,**
#.....o.# #.##|#**********,*
....o#### #J##~# ##########.
o.#### ### #o##F# #.......S..
.....# ##.## #@##W###.S########
.###.# ##.#.###S.#S#......)#
.###.####.###.##..#+#.#..##.#
.........#####.#......#..##.###
####.####.###.........#.......#
####.#####.#.###.#.####.[.#.#.###
####.######.####.#.###..........)
####.###########.#.##.....#.#.###
####.###########.#.##.........# #


You could see a water moccasin, a jelly, an orc wizard and an adder.

Vanquished Creatures
  A sleepcap (D:5)
  2 adders (D:5)
  6 orcs (D:5)
9 creatures vanquished.

Notes
Turn   | Place    | Note
-------+----------+-------------------------------------------
     0 | D:5      | GordonOverkill the Spriggan Delver began the quest for the
                  | Orb.
     0 | D:5      | Reached XP level 1. HP: 11/11 MP: 2/2
    13 | D:5      | Noticed a sleepcap
    13 | D:5      | Noticed an iguana
    23 | D:5      | Reached XP level 2. HP: 16/16 MP: 3/3
    56 | D:5      | Reached XP level 3. HP: 19/19 MP: 4/4
   273 | D:5      | Found a runed translucent door.
   318 | D:5      | Noticed a bullfrog
   320 | D:5      | Noticed Gergoth's ghost (novice OpEE)
   350 | D:5      | Reached skill level 8 in Stealth
   422 | D:5      | Noticed a water moccasin
   440 | D:5      | Slain by a water moccasin

Illustrated notes

Levels and vault maps discovered:
D:5:      minmay_recursive_quarters, layout_loops_ring, ebering_ghost_sewer_d,
          serial_shops, shop, gup_sewer_entry_bowl
D:6:      layout_basic, minmay_temple_entry_statues_fountains,
          uniq_blork_the_orc, uniq_duvessa, uniq_maggie

Skill      XL: |  1  2  3 |
---------------+----------+-----
Dodging        | 3 |  3.0
Short Blades   | 3 |  3.0
Fighting       | 3 |  3.0
Stealth        | 8 |  8.0
Spellcasting   | |  0.2

Action                     || total
---------------------------++-------
  Melee: Short sword       ||    58
    Use: Scroll            ||     1
   Stab: Sleeping          ||     3
 Armour: Robe              ||    18
  Dodge: Dodged            ||    30

Table legend: (Time is in decaauts)
 A = Elapsed time spent in this place.
 B = Non-inter-level travel time spent in this place.
 C = Inter-level travel time spent in this place.
 D = Time resting spent in this place.
 E = Time spent auto-exploring this place.
 F = Levels seen in this place.
 G = Mean time per level.
                   A        B        C        D        E       F      G
               +--------+--------+--------+--------+--------+-----+--------+
         Total |    310 |    310 |      0 |     67 |      0 |   2 |  155.0 |
       Dungeon |    310 |    310 |      0 |     67 |      0 |   2 |  155.0 |
               +--------+--------+--------+--------+--------+-----+--------+

Top non-repeatable levels by time:
     D:5: 274 daAuts
     D:6: 36 daAuts
